 Dungeon Crawl Stone Soup version 0.29-a0-577-gafbf2c5d25 (webtiles) character file.

Game seed: 10390544336549063328

3570 xSliceyx the Fighter (level 9, -2/133 HPs)
             Began as a Minotaur Fighter on June 13, 2022.
             Was a Follower of Makhleb.
             Slain by an orc
             ... wielding a +0 trident
              (4 damage)
             ... on level 8 of the Dungeon.
             The game lasted 00:12:17 (8590 turns).

xSliceyx the Fighter (Minotaur Fighter)             Turns: 8590, Time: 00:12:17

Health: -2/133     AC: 12    Str: 26    XL:     9   Next: 84%
Magic:  8/8        EV:  8    Int:  5    God:    Makhleb [*.....]
Gold:   387        SH:  4    Dex: 11    Spells: 8/8 levels left

rFire   + + .      SeeInvis +   C - +9 mace of the Endless Expanse {freeze, rElec rF++ Dex+2 SInv}
rCold   . . .      Faith    .   c - +0 buckler
rNeg    . . .      Spirit   .   D - +0 chain mail
rPois   +          Reflect  .   (helmet restricted)
rElec   +          Harm     .   (no cloak)
rCorr   +          Rampage  .   y - +0 pair of gloves
Will    .....                   (no boots)
Stlth   ..........              (no amulet)
HPRegen 0.32/turn               f - ring of poison resistance
MPRegen 0.11/turn               r - ring of resist corrosion

@: berserking, very quick
A: horns 2, retaliatory headbutt
a: Renounce Religion


You were on level 8 of the Dungeon.
You worshipped Makhleb.
Makhleb was aware of your devotion.
You visited 2 branches of the dungeon, and saw 9 of its levels.

You collected 387 gold pieces.

Inventory:

Hand Weapons
 a - a +0 war axe
 u - a +1 vorpal flail
 C - the +9 mace of the Endless Expanse (weapon) {freeze, rElec rF++ Dex+2 SInv}
   (You found it on level 4 of the Dungeon)

   It freezes those it strikes, dealing additional cold damage.
   It can also slow down cold-blooded creatures.
   Dex:       It affects your dexterity (+2).
   rF:        It greatly protects you from fire.
   rElec:     It insulates you from electricity.
   SInv:      It lets you see invisible.
Missiles
 x - 21 poisoned darts (quivered)
 z - 8 atropa-tipped darts
Armour
 c - a +0 buckler (worn)
 y - a +0 pair of gloves (worn)
 D - a +0 chain mail (worn)
Jewellery
 f - a ring of poison resistance (left hand)
 r - a ring of resist corrosion (right hand)
Wands
 F - a wand of flame (13)
 I - a wand of iceblast (4)
 J - a wand of paralysis (5)
Scrolls
 b - a scroll of brand weapon {unknown}
 j - 4 scrolls of teleportation
 k - a scroll of acquirement {unknown}
 n - 4 scrolls of identify
 o - a scroll of amnesia {unknown}
 w - 2 scrolls of poison {unknown}
 B - 3 scrolls of magic mapping {unknown}
 E - 2 scrolls of blinking {unknown}
 G - a scroll of immolation {unknown}
 H - 3 scrolls of noise {unknown}
 K - a scroll of fog {unknown}
 L - a scroll of enchant weapon {unknown}
Potions
 d - 2 potions of might
 e - 5 potions of attraction
 g - 2 potions of cancellation
 h - a potion of berserk rage
 i - 2 potions of lignification {unknown}
 l - 2 potions of resistance {unknown}
 m - a potion of curing {unknown}
 p - a potion of ambrosia {unknown}
 q - a potion of mutation {unknown}
 s - 2 potions of brilliance {unknown}
 t - 2 potions of flight
 v - 3 potions of heal wounds {unknown}
 A - a potion of haste {unknown}


   Skills:
 - Level 11.5 Fighting
 - Level 2.4(7.1) Axes
 + Level 10.5(10.7) Maces & Flails
 - Level 8.0 Armour
 - Level 4.0 Shields


You had 8 spell levels left.
You didn't know any spells.
Your spell library contained the following spells:

 Spells                   Type           Power      Damage    Failure   Level
 Freeze                   Ice            0%         1d3       98%         1
 Magic Dart               Conj           0%         1d3       98%         1
 Necrotize                Necr           0%         1d4       98%         1
 Slow                     Hex            0%         N/A       98%         1
 Blink                    Tloc           0%         N/A       99%         2
 Call Imp                 Summ           0%         N/A       99%         2
 Sublimation of Blood     Necr           0%         N/A       99%         2
 Confusing Touch          Hex            0%         N/A       100%        3
 Frozen Ramparts          Ice            0%         1d2       100%        3
 Lesser Beckoning         Tloc           0%         N/A       100%        3
 Mephitic Cloud           Conj/Pois/Air  0%         N/A       100%        3
 Vampiric Draining        Necr           0%         2d6       100%        3
 Hailstorm                Conj/Ice       0%         3d3       100%        4
 Olgreb's Toxic Radiance  Pois           0%         N/A       100%        4
 Petrify                  Tmut/Erth      0%         N/A       100%        4
 Agony                    Necr           0%         N/A       100%        5
 Irradiate                Conj/Tmut      0%         3d13      100%        5
 Manifold Assault         Tloc           0%         N/A       100%        5
 Yara's Violent Unravell  Hex/Tmut       0%         3d3       100%        5
 Enfeeble                 Hex            0%         N/A       100%        7
 Ozocubu's Refrigeration  Ice            0%         4d5       100%        7
 Ignition                 Fire           0%         3d3       100%        8


Dungeon Overview and Level Annotations

Branches:
Dungeon (8/15)             Temple (1/1) D:5            Lair (0/6) D:8

Altars:
Ashenzari
Cheibriados
Dithmenos
Elyvilon
Fedhas
Gozag
Kikubaaqudgha
Makhleb
Nemelex Xobeh
Okawaru
Qazlal
Ru
Sif Muna
Trog
Uskayaw
Vehumet
Wu Jian
Xom
Yredelemnul
The Shining One

Shops:
D:3 =


Innate Abilities, Weirdness & Mutations

You have a pair of horns on your head.
You reflexively headbutt those who attack you in melee.


Message History

* * * LOW HITPOINT WARNING * * *
You sock the warg! You freeze the warg.
You kill the warg!
Makhleb accepts your kill.
You bludgeon the orc priest!! You freeze the orc priest.
You kill the orc priest!
Makhleb accepts your kill. The warg bites you!
* * * LOW HITPOINT WARNING * * *
You block the orc's attack. x2; The warg bites you but does no damage.
Things that are here:
a +0 flail; a warg corpse You bludgeon the orc!!
You freeze the orc.
You kill the orc!
Makhleb accepts your kill. The orc hits you but does no damage.
You block the warg's attack. The orc hits you but does no damage.
The warg bites you but does no damage.
You see here a +0 mace.
The warg bites you.
* * * LOW HITPOINT WARNING * * *
You block the orc priest's attack. You block the warg's attack.
The orc priest hits you with a +0 club.
* * * LOW HITPOINT WARNING * * *
The orc hits you from afar with a +0 trident.
* * * LOW HITPOINT WARNING * * *
The orc priest hits you but does no damage.
The orc wizard attacks as you move away!
The orc wizard hits you with a +0 dagger.
* * * LOW HITPOINT WARNING * * *
The warg bites you.
* * * LOW HITPOINT WARNING * * *
The orc priest attacks as you move away!
The orc priest hits you but does no damage.
The orc wizard attacks as you move away!
The orc wizard hits you but does no damage.
A red film seems to cover your vision as you go berserk!
You feel yourself moving faster!
You feel mighty!
The orc priest hits you but does no damage.
The orc hits you from afar with a +0 trident.
You die...

#.>...............
#...#.#.######..#.
#.....#.# #....##
#.รท...#.####.#....
#..............###
#.....#.#.........
#.......+.....####
#.o...###.........
#@o...)).....#####
#.ho...##....#
#......###.### ##
#......# #...# #.
#....(.#####+####.
#.....#.##.........
#.....######.........
........ #.........
....... #.........


You could see a warg, an orc priest, an orc wizard and an orc.

Vanquished Creatures
  2 wyverns (D:8)
  Edmund (D:4)
  2 wargs (D:8)
  2 water moccasins
  2 ice beasts
  2 orc warriors
  2 ogres (D:6)
  A centaur (D:6)
  2 phantoms
  A kobold brigand (D:7)
  3 bullfrogs
  7 scorpions
  A gnoll sergeant (D:8)
  4 wights (D:6)
  4 jellies
  4 orc priests
  A hound (D:5)
  A gnoll shaman (D:6)
  7 iguanas
  7 orc wizards
  13 adders
  14 gnolls
  An ufetubus (D:5)
  3 dart slugs
  24 orcs
  9 endoplasms
  2 giant cockroaches
  6 goblins
  9 hobgoblins
  7 jackals
  13 kobolds
  5 quokkas
  7 ball pythons
  8 bats
  10 rats
187 creatures vanquished.

Vanquished Creatures (others)
  A shadow imp (D:5)
  7 plants
8 creatures vanquished.

Grand Total: 195 creatures vanquished

Notes
Turn   | Place    | Note
-------+----------+-------------------------------------------
     0 | D:1      | xSliceyx the Minotaur Fighter began the quest for the Orb.
     0 | D:1      | Reached XP level 1. HP: 19/19 MP: 0/0
   233 | D:1      | Reached XP level 2. HP: 26/26 MP: 1/1
   765 | D:1      | Reached XP level 3. HP: 26/31 MP: 2/2
   973 | D:2      | Reached skill level 5 in Armour
  1185 | D:2      | Reached XP level 4. HP: 37/39 MP: 3/3
  1826 | D:3      | Reached XP level 5. HP: 40/45 MP: 4/4
  2116 | D:3      | Found a faded altar of an unknown god.
  2234 | D:3      | Found a shimmering altar of Xom.
  2402 | D:3      | Found Hyfoozox's Jewellery Emporium.
  2617 | D:4      | Noticed Edmund
  2630 | D:4      | Killed Edmund
  2631 | D:4      | Reached XP level 6. HP: 22/52 MP: 5/5
  2936 | D:4      | Noticed a water moccasin
  2944 | D:4      | Killed a water moccasin
  2945 | D:4      | Reached skill level 5 in Fighting
  3098 | D:4      | Reached skill level 6 in Fighting
  3161 | D:4      | Reached XP level 7. HP: 55/63 MP: 6/6
  3450 | D:4      | Found an ornate altar of the Wu Jian Council.
  3624 | D:4      | Identified the +9 mace of the Endless Expanse {freeze,
                  | rElec rF++ Dex+2 SInv}
  4181 | D:5      | Entered Level 5 of the Dungeon
  4787 | D:5      | Reached skill level 7 in Fighting
  4846 | D:5      | Reached XP level 8. HP: 74/74 MP: 7/7
  4961 | D:5      | Reached skill level 8 in Fighting
  4992 | D:5      | Found a staircase to the Ecumenical Temple.
  5081 | D:5      | Found a shimmering blue altar of Sif Muna.
  5239 | Temple   | Entered the Ecumenical Temple
  5337 | Temple   | Became a worshipper of Makhleb the Destroyer
  5708 | D:6      | Reached skill level 9 in Fighting
  5788 | D:6      | Reached skill level 10 in Fighting
  6037 | D:6      | Found an ancient bone altar of Kikubaaqudgha.
  6243 | D:6      | Reached skill level 11 in Fighting
  6572 | D:6      | Reached XP level 9. HP: 69/89 MP: 8/8
  6680 | D:6      | Found a glowing golden altar of the Shining One.
  7003 | D:7      | Reached skill level 5 in Maces & Flails
  7046 | D:7      | Found a bloodstained altar of Trog.
  7411 | D:7      | Found a stormy altar of Qazlal.
  7830 | D:8      | Reached * piety under Makhleb
  8563 | D:8      | Found a staircase to the Lair.
  8577 | D:8      | Reached skill level 10 in Maces & Flails
  8588 | D:8      | HP: 1/89 [warg (5)]
  8590 | D:8      | Slain by an orc

Illustrated notes

Levels and vault maps discovered:
D:1:      eino_arrival_water_cross, layout_basic
D:2:      layout_rooms, supply_closet_lemuel, kennysheep_cross_room
D:3:      minmay_wonky_spiral, layout_loops_ring, xom_teletrap_fun,
          shapermc_ecumenical_altar_hornbeckon, serial_shops, shop_fountains,
          grunt_ministairs_2
D:4:      layout_basic, nzn_wu_jian_council_hall, guppyfry_early_lair_pool,
          uniq_edmund
D:5:      layout_rooms, mainiacjoe_overflow_alcove_4, lemuel_temple_firewalk_b
D:6:      layout_basic, mainiacjoe_overflow_concentric_impassable,
          tso_metal_star
D:7:      layout_cave_pools, nicolae_qazlal_style_of_elements,
          trog_butcher_becter
D:8:      layout_basic, nicolae_overflow_crystal_walls,
          beargit_hepliaklqana_dungeon_heroes, erik_lair_orcish_takeover,
          hangedman_decor_lopped
Temple:   dshaligram_water_room_temple

Skill      XL: |  1  2  3  4  5  6  7  8  9 |
---------------+----------------------------+-----
Armour         | 4 5 6 8 |  8.0
Shields        | 4 |  4.0
Fighting       | 6 7 11 | 11.5
Maces & Flails | 4 10 | 10.5
Axes           | |  2.4

Action                   |  1- 3 |  4- 6 |  7- 9 || total
-------------------------+-------+-------+-------++-------
Melee: War axe           |    65 |    86 |       ||   151
       Headbutt          |     7 |    17 |    39 ||    63
       Flail             |       |    37 |    27 ||    64
       Mace              |       |       |   225 ||   225
Throw: Dart              |       |     5 |     4 ||     9
  Use: Scroll            |       |       |     5 ||     5
       Potion            |       |       |     1 ||     1
Armor: Scale mail        |    41 |    70 |    18 ||   129
       Chain mail        |       |       |   126 ||   126
Dodge: Dodged            |    30 |    56 |   105 ||   191
Block: Buckler           |     8 |    30 |    52 ||    90

Table legend: (Time is in decaauts)
 A = Elapsed time spent in this place.
 B = Non-inter-level travel time spent in this place.
 C = Inter-level travel time spent in this place.
 D = Time resting spent in this place.
 E = Time spent auto-exploring this place.
 F = Levels seen in this place.
 G = Mean time per level.
                   A        B        C        D        E       F      G
               +--------+--------+--------+--------+--------+-----+--------+
         Total |   8709 |   8221 |    488 |    772 |   6206 |   9 |  967.7 |
       Dungeon |   8601 |   8149 |    452 |    772 |   6146 |   8 | 1075.1 |
        Temple |    107 |     71 |     36 |      0 |     60 |   1 |  107.0 |
               +--------+--------+--------+--------+--------+-----+--------+

Top non-repeatable levels by time:
     D:4: 2110 daAuts
     D:6: 1580 daAuts
     D:1: 988 daAuts
     D:8: 857 daAuts
     D:3: 851 daAuts
     D:2: 827 daAuts
     D:7: 759 daAuts
     D:5: 626 daAuts
  Temple: 107 daAuts
